Map: Shrines of Lizul

Players

Subwaymaker

  • Race: Protoss Protoss
  • League: Gold
  • Spawn Location: 9:00

Mesrob

  • Race: Terran Terran
  • League: Platinum
  • Spawn Location: 6:00

simsimma - Winner!

  • Race: Terran Terran
  • Spawn Location: 3:00

Ayy - Winner!

  • Race: Terran Terran
  • Spawn Location: 12:00

VOD

Have the link to the VOD?

Description

Time

  • Played on: July 21, 2019, 12:36 p.m.
  • Length: 15:50
Show
View Real Time Build Order
Export as new Build Order

Subwaymaker Protoss 

Build Orders:  

Get SALT Encoding   

  12  0:01  Probe  
  13  0:13  Probe  
  14  0:19  Pylon  
  14  0:25  Probe  
  15  0:38  Probe  
  15  0:41  Gateway  
  16  0:46  Probe  
  16  0:54  Probe  
  18  1:04  Probe  
  18  1:10  Assimilator, Gateway  
  19  1:16  Probe  
  20  1:28  Probe  
  20  1:30  Assimilator  
  21  1:37  Probe  
  21  1:46  Probe  
  22  1:49  Pylon  
  23  2:07  Probe  
  24  2:12  Cybernetics Core  
  24  2:15  Pylon  
  24  2:26  Nexus  
  24  2:31  Assimilator  
  24  2:36  Pylon  
  24  2:42  Warp Gate  
  24  2:48  Stalker  
  25  3:10  Stalker  
  27  3:23  Probe  
  28  3:28  Stalker  
  30  3:35  Probe  
  30  3:40  Pylon  
  31  3:59  Probe x2  
  33  4:07  Probe  
  33  4:08  Probe  
  33  4:10  Stalker  
  33  4:11  Stalker  
  33  4:16  Probe  
  39  4:19  Twilight Council  
  40  4:25  Shield Battery, Probe  
  40  4:28  Probe  
  42  4:55  Blink  
  42  5:01  Sentry x2  
  46  5:12  Gateway  
  46  5:14  Oracle, Gateway  
  46  5:15  Gateway  
  46  5:44  Robotics Facility  
  44  5:56  Stalker x2  
  48  5:58  Probe x2  
  49  6:10  Probe x2  
  39  6:36  Probe x2  
  39  6:39  Observer  
  41  6:48  Probe  
  41  6:49  Charge, Probe  
  43  6:57  Stalker x3  
  43  6:58  Stalker x2  
  43  7:00  Probe  
  43  7:01  Probe  
  55  7:07  Pylon  
  55  7:19  Zealot x3  
  61  7:33  Zealot x4  
  69  7:38  Probe  
  69  7:43  Pylon  
  70  7:49  Pylon  
  70  8:01  Probe x2  
  70  8:02  Observer  
  73  8:09  Zealot  
  73  8:10  Zealot x4  
  83  8:14  Probe x2  
  85  8:26  Probe  
  85  8:27  Assimilator  
  86  8:40  Pylon  
  86  8:41  Pylon  
  86  8:51  Templar Archives  
  86  8:52  Pylon  
  86  8:54  Pylon  
  86  8:58  Probe  
  87  9:10  Probe  
  76  9:38  High Templar  
  76  9:39  High Templar x4  
  76  9:42  Immortal  
  90  9:46  Gateway  
  90  9:47  Gateway  
  90  9:50  Gateway  
  86  9:52  Archon x2  
  68  10:25  High Templar x2  
  68  10:26  High Templar x3  
  78  10:46  Robotics Facility  
  78  10:48  Forge  
  78  10:51  Forge  
  78  10:55  Pylon  
  78  10:58  High Templar  
  78  10:59  High Templar  
  78  11:00  Zealot  
  78  11:01  Zealot x2  
  88  11:07  Archon x2  
  88  11:08  Archon  
  88  11:17  High Templar  
  90  11:20  Zealot  
  90  11:21  Zealot x4  
  100  11:31  Probe x2  
  102  11:42  Nexus  
  102  11:45  Pylon, High Templar x3  
  108  11:47  High Templar  
  108  11:50  High Templar  
  108  11:53  High Templar  
  114  11:59  Archon x2  
  114  12:00  Archon  
  114  12:02  Archon  
  114  12:22  High Templar x2  
  114  12:26  Zealot  
  114  12:27  Observer, Zealot x4  
  128  12:30  Archon  
  129  12:37  Probe x2  
  131  12:44  Observer  
  131  12:49  Probe  
  133  13:21  High Templar x3  
  133  13:23  Zealot  
  133  13:24  Zealot x4  
  149  13:29  Pylon  
  149  13:32  Pylon  
  149  13:33  Protoss Ground Weapons Level 1  
  149  13:41  Assimilator  
  149  13:46  Assimilator, Pylon  
  149  13:56  Robotics Facility  
  149  13:57  Immortal  
  149  13:59  Probe  
  149  14:02  Probe  
  154  14:06  Probe  
  154  14:07  Probe  
  156  14:10  Probe  
  156  14:16  Archon  
  158  14:18  High Templar  
  160  14:31  Immortal  
  164  14:45  Immortal  
  70  15:14  Archon  
  70  15:19  Zealot x6  
  70  15:20  Zealot x2  
Show
View Real Time Build Order
Export as new Build Order

Mesrob Terran 

Build Orders: 2 Factory, Reaper Expand 

Get SALT Encoding   

  12  0:01  SCV  
  13  0:13  SCV  
  14  0:19  Supply Depot  
  14  0:25  SCV  
  15  0:41  SCV  
  15  0:42  Barracks  
  16  0:45  Refinery  
  16  0:53  SCV  
  17  1:05  SCV  
  18  1:17  SCV  
  19  1:31  Orbital Command  
  19  1:43  Command Center  
  19  1:48  Supply Depot  
  19  1:50  Reaper  
  20  1:58  Refinery  
  20  2:00  SCV  
  21  2:15  SCV  
  22  2:28  SCV  
  23  2:34  Barracks Tech Lab  
  23  2:42  Factory  
  22  3:19  Factory  
  22  3:24  SCV  
  22  3:25  Orbital Command  
  23  3:29  Refinery  
  23  3:36  Factory, SCV  
  24  3:43  Supply Depot  
  24  3:44  Cyclone  
  28  3:48  SCV  
  28  3:52  SCV  
  29  4:00  SCV  
  29  4:10  Factory Reactor  
  26  4:31  Factory Reactor  
  26  4:33  Cyclone  
  27  4:40  SCV  
  27  4:42  SCV  
  29  4:51  Hellion x2  
  32  4:52  SCV  
  32  4:54  SCV  
  32  5:05  SCV  
  32  5:06  SCV  
  30  5:27  Cyclone  
  30  5:29  Hellion x2  
  28  5:50  Engineering Bay  
  28  5:54  Command Center  
  28  5:57  SCV  
  28  6:03  Cyclone  
  36  6:04  Hellion x2  
  36  6:05  Hellion  
  36  6:09  SCV  
  39  6:16  Refinery  
  39  6:51  Supply Depot  
  39  6:55  SCV  
  39  6:56  Hellion  
  42  7:07  SCV, Cyclone  
  42  7:08  Hellion  
  47  7:15  Supply Depot  
  46  7:20  Missile Turret, SCV  
  44  7:32  Hellion  
  44  7:36  Missile Turret  
  44  7:37  Supply Depot  
  46  7:51  Cyclone  
  49  7:58  Refinery  
  49  8:14  Mag-Field Accelerator  
  48  8:27  Missile Turret  
  48  8:29  Hellion  
  50  8:37  Orbital Command  
  50  8:44  SCV  
  41  9:22  Hellion x2  
  33  9:44  Cyclone  
  33  9:45  Hellion x2  
  40  9:46  Hellion x2  
  40  10:19  SCV  
  41  10:23  SCV  
  41  10:28  Infernal Pre-Igniter  
  42  10:32  SCV  
  43  10:35  SCV  
  44  10:44  SCV  
  45  10:55  Supply Depot  
  45  11:01  Command Center  
  45  11:02  SCV x2  
  47  11:14  SCV  
  47  11:18  Supply Depot  
  48  11:21  Cyclone  
  48  11:22  Hellion x2  
  48  11:23  Hellion x2  
  48  11:25  SCV  
  60  11:37  SCV  
  61  11:40  Supply Depot  
  61  11:59  Cyclone  
  61  12:00  Hellion  
  61  12:01  Hellion x3  
  72  12:22  Hellion x2  
  76  12:31  Cyclone  
  76  12:33  Starport  
  79  12:41  Supply Depot  
  79  12:46  Starport  
  79  12:50  Hellion x2  
  82  13:03  Cyclone  
  82  13:04  Supply Depot  
  83  13:28  Supply Depot  
  83  13:35  SCV  
  84  13:41  Command Center  
  84  13:50  SCV  
  84  13:54  Supply Depot, Command Center  
  85  13:57  Starport Tech Lab, Starport Reactor  
  85  14:01  Starport  
  85  14:02  SCV  
  86  14:12  Supply Depot  
  86  14:20  Supply Depot  
  86  14:36  Supply Depot  
  83  14:47  Liberator x2  
  43  15:06  Starport Reactor  
  37  15:08  Cyclone  
  37  15:09  Hellion x2  
  37  15:10  Hellion  
  44  15:19  Marine  
  45  15:23  Supply Depot  
  45  15:29  Fusion Core  
Show
View Real Time Build Order
Export as new Build Order

simsimma Terran - Winner!

Build Orders: 1/1/1, Banshee Rush 

Get SALT Encoding   

  12  0:01  SCV  
  13  0:13  SCV  
  14  0:21  Supply Depot  
  14  0:25  SCV  
  15  0:43  SCV  
  15  0:44  Barracks  
  15  0:47  Refinery  
  16  0:55  Refinery, SCV  
  17  1:07  SCV  
  18  1:21  SCV  
  19  1:26  Supply Depot  
  19  1:35  Orbital Command  
  19  1:41  Factory  
  19  1:47  Barracks Reactor  
  19  2:04  SCV  
  20  2:14  Supply Depot  
  20  2:17  SCV  
  21  2:24  Marine x2  
  21  2:27  Starport  
  21  2:28  Factory Tech Lab  
  23  2:38  SCV  
  23  2:44  Marine  
  24  2:50  Siege Tank, SCV  
  29  2:56  Marine  
  30  3:01  Supply Depot  
  30  3:06  Starport Tech Lab  
  30  3:08  SCV  
  31  3:18  Marine  
  31  3:19  Marine  
  33  3:24  Banshee  
  37  3:28  Cloaking Field  
  37  3:30  SCV  
  37  3:37  Siege Tank  
  40  3:43  SCV  
  41  3:54  Marine  
  41  3:55  Marine  
  43  3:56  SCV  
  43  4:02  Supply Depot  
  44  4:08  SCV  
  45  4:23  Banshee  
  48  4:28  Supply Depot  
  48  5:13  Marine x2  
  46  5:14  Siege Tank  
  46  5:21  Command Center  
  39  5:38  SCV  
  40  5:48  Marine  
  40  5:49  Marine, Siege Tank  
  45  5:50  Banshee, SCV  
  46  6:02  SCV  
  47  6:15  SCV  
  47  6:16  Marine  
  47  6:17  Marine  
  50  6:24  Barracks x2  
  50  6:25  Engineering Bay, Barracks  
  50  6:26  Engineering Bay  
  50  6:27  SCV  
  51  6:44  Banshee  
  54  6:47  Orbital Command  
  54  6:49  SCV  
  54  6:51  Marine  
  54  6:52  Marine  
  57  6:56  Terran Infantry Weapons Level 1  
  57  6:57  Terran Infantry Armor Level 1  
  58  7:01  SCV  
  58  7:03  Siege Tank  
  61  7:13  SCV  
  62  7:27  SCV  
  62  7:28  SCV  
  61  7:35  Barracks Tech Lab  
  61  7:36  Barracks Reactor  
  61  7:37  Barracks Tech Lab  
  61  7:39  Banshee  
  61  7:40  SCV  
  65  7:46  Marine x2  
  65  7:47  Command Center, SCV  
  65  7:49  Refinery  
  68  7:52  Refinery  
  68  7:56  Starport  
  68  7:58  Factory  
  68  8:00  Supply Depot, SCV  
  68  8:01  Armory  
  68  8:02  SCV  
  70  8:40  SCV  
  71  8:47  Starport Reactor  
  71  8:49  Factory Tech Lab  
  71  9:00  Orbital Command  
  69  9:12  Sensor Tower  
  69  9:14  Sensor Tower  
  44  9:34  Marine x4  
  44  9:35  Marauder  
  44  9:36  Marauder  
  47  9:48  SCV x2  
  47  9:51  SCV  
  47  9:52  Marine x4  
  52  9:56  Marine x2  
  56  10:00  SCV x2  
  56  10:03  SCV  
  59  10:08  Siege Tank  
  59  10:10  Siege Tank  
  59  10:12  SCV  
  66  10:19  SCV  
  66  10:20  SCV  
  67  10:22  Marine x2  
  67  10:23  Marine x2  
  67  10:24  Marauder  
  67  10:25  SCV  
  74  10:32  SCV x2  
  76  10:37  SCV  
  76  10:41  Combat Shield  
  77  10:43  Marine  
  77  10:44  Marine x3, Marauder, SCV x2  
  77  10:49  SCV  
  86  10:56  Refinery, SCV x2  
  88  10:57  Refinery  
  88  11:00  Stimpack  
  88  11:01  SCV  
  88  11:05  Siege Tank x2  
  88  11:06  Marine  
  88  11:07  Marauder, Marine x4  
  101  11:13  Supply Depot  
  101  11:17  Supply Depot  
  101  11:24  Supply Depot  
  101  11:34  SCV x3  
  101  11:35  Banshee  
  101  11:36  Medivac  
  109  11:44  Marine x4, Marauder x2  
  109  11:46  Siege Tank, SCV x2  
  122  11:50  Supply Depot, SCV  
  123  11:55  Supply Depot  
  123  12:04  SCV x2  
  125  12:28  Marauder x2, Marine x2  
  131  12:43  Marine x2  
  133  12:46  SCV  
  133  12:47  SCV  
  133  12:48  Marine  
  133  12:49  Marine, Marauder  
  133  12:50  Marauder  
  141  12:53  Supply Depot  
  141  12:57  Supply Depot  
  141  12:59  Supply Depot  
  141  13:01  Supply Depot x2  
  141  13:15  Marauder, Siege Tank x2  
  141  13:19  Marine x3, Marauder  
  154  13:23  Supply Depot  
  154  13:26  Supply Depot x2  
  154  13:30  Marine  
  155  13:36  Marine, Marauder  
  155  13:40  SCV  
  155  13:41  Marauder, SCV x2  
  163  13:47  Siege Tank x2  
  169  14:08  Marine x2, Marauder  
  169  14:09  Marine x2, Marauder  
  177  14:11  Medivac  
  177  14:12  Medivac  
  177  14:13  Banshee  
  184  14:30  Marauder  
  186  14:42  Marine x3, Marauder  
  191  14:51  Marauder  
  192  15:06  Marine x3, Marauder  
  189  15:13  Marauder, Marine  
  182  15:14  Siege Tank x2  
Show
View Real Time Build Order
Export as new Build Order

Ayy Terran - Winner!

Build Orders:  

Get SALT Encoding   

  12  0:01  SCV  
  13  0:13  SCV  
  14  0:21  Supply Depot  
  14  0:25  SCV  
  15  0:32  Refinery  
  15  0:43  SCV  
  15  0:49  Barracks  
  16  0:55  SCV  
  17  1:07  SCV  
  18  1:14  Barracks  
  18  1:19  SCV  
  19  1:31  SCV  
  20  1:34  Supply Depot  
  20  1:38  Reaper  
  21  1:44  SCV  
  22  1:47  Refinery  
  22  2:00  Factory  
  22  2:09  Reaper  
  22  2:15  SCV  
  24  2:21  Reaper  
  25  2:41  Reaper  
  25  3:10  Reaper  
  25  3:13  Reaper  
  25  3:25  Factory Tech Lab  
  25  3:43  Reaper  
  25  3:45  Reaper  
  26  4:04  Starport, Siege Tank  
  26  4:06  Command Center  
  29  4:15  Reaper  
  28  4:32  Reaper  
  27  4:47  Reaper  
  28  4:57  Starport Reactor  
  28  5:01  SCV  
  28  5:02  Starport  
  28  5:04  Marine  
  29  5:09  Armory  
  29  5:13  SCV  
  30  5:19  Marine  
  31  5:22  Marine  
  32  5:36  Marine  
  32  5:40  Marine  
  34  5:45  Starport Tech Lab  
  34  5:51  Factory  
  34  5:54  Marine  
  35  6:00  Barracks Tech Lab  
  35  6:10  SCV  
  34  6:23  SCV  
  35  6:35  SCV  
  35  6:37  Medivac x2  
  35  6:38  Combat Shield  
  40  6:41  Marine  
  40  6:42  Marine  
  42  6:47  SCV  
  42  6:53  Refinery  
  43  6:56  Refinery  
  43  6:58  Orbital Command  
  43  6:59  SCV  
  44  7:03  Marine x2  
  46  7:09  Supply Depot  
  46  7:18  Factory Tech Lab  
  46  7:31  Supply Depot, Thor  
  52  7:40  SCV  
  53  7:52  SCV  
  53  7:53  Raven  
  56  8:02  Command Center  
  56  8:04  Supply Depot, SCV, Terran Vehicle Weapons Level 1  
  58  8:23  Thor  
  52  8:52  Marine x2  
  53  9:10  Marine x2  
  53  9:11  Medivac  
  53  9:12  Medivac  
  58  9:28  Marine x2  
  55  9:46  Marine x2  
  56  10:03  Marine  
  56  10:04  Marine  
  42  10:21  Marine x2  
  44  10:39  Marine, Thor  
  44  10:40  Thor  
  56  10:43  Marine  
  57  10:55  SCV  
  58  10:57  Marine  
  58  11:01  Marine  
  58  11:02  SCV  
  61  11:07  SCV  
  62  11:14  SCV  
  62  11:15  Medivac  
  62  11:16  Medivac  
  62  11:17  Marine  
  68  11:19  SCV  
  68  11:23  Supply Depot  
  68  11:25  Refinery  
  69  11:26  SCV  
  69  11:31  Supply Depot  
  70  11:36  Medivac  
  72  11:54  Marine x2  
  69  12:11  Marine  
  69  12:12  Marine  
  71  12:29  Marine x2  
  72  12:35  SCV  
  74  12:47  Marine x2, SCV  
  77  12:59  SCV  
  77  13:05  Marine x2  
  80  13:11  SCV  
  45  13:23  Marine x2, SCV  
  48  13:27  Stimpack  
  48  13:34  Supply Depot  
  48  13:37  Refinery  
  48  13:40  Marine  
  48  13:41  Marine  
  50  13:55  Medivac x3  
  56  13:58  Marine x2, SCV  
  59  14:16  Marine  
  60  14:26  Thor  
  60  14:27  Thor  
  72  14:32  Marine  
  72  14:34  Marine  
  74  14:50  Marine  
  49  15:07  Marine  
  49  15:08  Marine  
  49  15:09  Siege Tank  
  60  15:25  Marine  
  60  15:26  Marine  
Tags
 
Add a new tag
Caveats
  • Supply blocks, unpowered buildings, or Contaminate may cause inaccurate times.
  • Supply counts are checked every 10 seconds.